AoeStats
← dashuaibi

Arena

508652333Analyzed
4v4 RM · 9d ago on Sep 23, 2026· 35m 51s· 8 players
Game mode
Random Map
Map size
Large (8 player)
Population
200
Speed
Normal
Resources
Standard
Victory
Conquest
Starting age
Dark Age
Ending age
Imperial Age
RankedLock teamsTeams togetherTeam positionsShared explorationLock speedFull tech treeHidden civsTurbo modeCheats
Victory
Defeat
🇨🇳 Mongols · China
1393
+13
🇹🇼 Saxons · Taiwan
1382
+14
🇨🇳 Khmer · China
1380
+14
🇨🇳 Danes · China
1282
+19
🇬🇧 Saxons · United Kingdom
1341
-15
🇨🇳 Mongols · China
1336
-15
🇰🇷 Spanish · South Korea
1331
-15
🇫🇷 Burgundians · France
1327
-15
Oliver
10:25 Feudal Age
15:48 Castle Age
14:10 Double-Bit Axe
15:48 Horse Collar
18:45 Bow Saw
20:42 Loom
24:39 Stone Mining
26:08 Wheelbarrow
26:41 Gold Mining
27:52 Heavy Plow
31:31 Imperial Age
28:54 Town Watch
29:41 Scale Mail Armor
29:52 Forging
30:14 Squires
30:00 Arson
31:09 Chain Mail Armor
31:11 Pikeman
32:03 Masonry
32:53 Iron Casting
32:58 Conscription
33:44 Plate Mail Armor
32:59 Elite Varangian Guard
34:36 Conscription
33:51 Halberdier
35:26 Architecture
34:26 Capped Ram
Si TôT
11:30 Feudal Age
15:26 Castle Age
13:17 Double-Bit Axe
13:14 Horse Collar
15:42 Scale Barding Armor
15:35 Gold Mining
19:46 Husbandry
20:06 Loom
22:27 Heavy Plow
22:40 Bow Saw
25:00 Forging
25:10 Stone Mining
25:11 Cavalier
31:37 Wheelbarrow
33:40 Chain Barding Armor
35:05 Iron Casting
iTunes
12:17 Feudal Age
14:04 Loom
17:46 Castle Age
29:43 Imperial Age
32:34 Chemistry
dashuaibi
7:43 Loom
9:28 Feudal Age
15:40 Castle Age
牛拉松
10:05 Feudal Age
11:38 Double-Bit Axe
14:42 Castle Age
13:06 Horse Collar
15:45 Bow Saw
17:51 Heavy Plow
20:25 Loom
22:51 Wheelbarrow
23:51 Gold Mining
23:36 Man-at-Arms
24:01 Gambesons
24:33 Scale Mail Armor
24:44 Forging
24:41 Stone Mining
25:52 Gold Shaft Mining
27:18 Pikeman
27:59 Squires
29:39 Hand Cart
36:12 Imperial Age
33:51 Arson
33:52 Gambesons
33:27 Man-at-Arms
34:00 Fletching
34:00 Town Watch
35:06 Chain Mail Armor
35:29 Iron Casting
35:58 Ballistics
35:19 Treadmill Crane
35:50 Masonry
35:41 Bodkin Arrow
percy5655
7:13 Loom
9:29 Feudal Age
9:55 Double-Bit Axe
10:05 Stone Mining
12:33 Fletching
16:56 Wheelbarrow
22:35 Castle Age
20:24 Horse Collar
21:11 Gold Mining
24:02 Bow Saw
23:56 Heavy Plow
24:54 Scale Mail Armor
32:19 Bodkin Arrow
34:55 Chain Mail Armor
2067
10:08 Feudal Age
11:23 Double-Bit Axe
14:11 Castle Age
12:14 Horse Collar
15:25 Bow Saw
21:31 Gold Mining
22:39 Wheelbarrow
27:41 Imperial Age
25:14 Loom
25:45 Hand Cart
25:38 Heavy Plow
25:40 Stone Mining
27:05 Ballistics
27:53 Scale Barding Armor
27:58 Forging
29:31 Chemistry
28:38 Siege Engineers
29:27 Heavy Scorpion
29:59 Capped Ram
31:07 Conscription
31:13 Drill
30:54 Siege Ram
32:06 Masonry
32:39 Gold Shaft Mining
32:53 Coinage
33:10 Fortified Wall
33:18 Fletching
34:01 Bodkin Arrow
34:00 Town Watch
36:07 Bracer
36:04 Murder Holes
蒜香骨
8:10 Loom
10:32 Feudal Age
15:08 Castle Age
13:52 Double-Bit Axe
19:06 Bow Saw
19:36 Wheelbarrow
23:52 Hand Cart
27:52 Imperial Age
25:50 Town Watch
26:40 Gold Mining
26:33 Horse Collar
28:10 Bloodlines
28:00 Husbandry
29:14 Scale Barding Armor
29:19 Forging
29:26 Heavy Plow
30:03 Sanctity
30:53 Conscription
31:39 Chain Barding Armor
32:47 Chemistry
33:38 Plate Barding Armor
33:18 Tusk Swords
35:08 Iron Casting
Connection lost

Rejoining the realm…

Still unreachable

The connection could not be restored.

Session expired

The server has moved on; the page needs a fresh start.